 Dungeon Crawl Stone Soup version 0.29-a0-986-gdf0a18e73c (webtiles) character file.

Game seed: 224996499638461881

5 2tc the Insei (level 1, -1/15 HPs)
             Began as a Merfolk Transmuter on Aug 2, 2022.
             Slain by a kobold
             ... wielding a +2 dagger of freezing
              (2 damage)
             ... on level 1 of the Dungeon.
             The game lasted 00:00:31 (345 turns).

2tc the Insei (Merfolk Transmuter)                   Turns: 345, Time: 00:00:31

Health: -1/15      AC:  2    Str: 10    XL:     1   Next: 80%
Magic:  3/3        EV: 12    Int: 12    God:
Gold:   0          SH:  0    Dex: 14    Spells: 3/4 levels left

rFire   . . .      SeeInvis .     - Unarmed
rCold   . . .      Faith    .   (no shield)
rNeg    . . .      Spirit   .   a - +0 robe
rPois   .          Reflect  .   (no helmet)
rElec   .          Harm     .   (no cloak)
rCorr   .          Rampage  .   (no gloves)
Will    .....                   (no boots)
Stlth   +.........              (no amulet)
HPRegen 0.05/turn               (no ring)
MPRegen 0.08/turn               (no ring)

@: no status effects
A: (nimble swimmer 2), mertail
a: no special abilities


You were on level 1 of the Dungeon.
You visited 1 branch of the dungeon, and saw 1 of its levels.

Inventory:

Armour
 a - a +0 robe (worn)
Potions
 b - a potion of lignification
 c - a potion of ambrosia {unknown}


   Skills:
 - Level 1.1 Fighting
 - Level 2.6 Dodging
 * Level 3.7 Unarmed Combat
 - Level 2.0 Spellcasting
 + Level 2.7 Transmutations


You had 3 spell levels left.
You knew the following spells:

 Your Spells              Type           Power      Damage    Failure   Level
a - Beastly Appendage     Tmut           14%        N/A       9%          1

Your spell library contained the following spells:

 Spells                   Type           Power      Damage    Failure   Level
 Wereblood                Tmut           7%         N/A       13%         2
 Spider Form              Tmut/Pois      4%         N/A       43%         3
 Ice Form                 Ice/Tmut       4%         N/A       83%         4


Dungeon Overview and Level Annotations

Branches:
Dungeon (1/15)

Altars:


Innate Abilities, Weirdness & Mutations

((You are very nimble when in or above water. (Stealth+, EV+, Speed+++)))
Your lower body shifts to a powerful aquatic tail in water.


Message History

No target in view!
There is a staircase leading out of the dungeon here.
A dart slug comes into view.
Found a smoky clear potion.
The dart slug launches a dart at you. The slug dart hits you.
The dart slug launches a dart at you. The slug dart hits you.
You are too injured to fight recklessly!
You are too injured to fight recklessly!
You are too injured to fight recklessly!
You hit the dart slug.
The dart slug is lightly wounded.
You hit the dart slug. You punch the dart slug.
You kill the dart slug!
You see here a dart slug corpse.
HP restored.
c - a smoky clear potion You aren't carrying any scrolls.
You open the door.
There is an open door here.
Found a leather armour.
A kobold comes into view. It is wielding a +2 dagger of freezing.
Found an emerald potion.
The kobold closely misses you.
You closely miss the kobold.
The kobold hits you with a +2 dagger of freezing.
The kobold freezes you.
You closely miss the kobold. The kobold misses you.
You hit the kobold but do no damage.
The kobold hits you with a +2 dagger of freezing.
The kobold freezes you.
You hit the kobold but do no damage.
The kobold hits you with a +2 dagger of freezing.
The kobold freezes you.
You barely miss the kobold.
The kobold hits you with a +2 dagger of freezing.
* * * LOW HITPOINT WARNING * * *
The kobold freezes you.
You die...

#.##.#.# ..# #+ ###+#......#
#####.# #. ..........#.....#^# #.
.!.......#.##.##.# #.
..............#.###. ..#
......##.#.#.#..... ...
#.....##...........
#.#####+#.....+.##.#.......
#.##...[.#@...# #.#.######
#.##.....#.K..# #.#.......
#.##.....#####...#.#.#####.
#.##.....# ..#.#.......
##'##.....+ .#.#.#.###.
#.####.........# #.#.......
#..............#########.#...#...
######......###..................
#..........# #.####.########....


You could see a kobold.

Vanquished Creatures
  A dart slug (D:1)
  A bat (D:1)
  An endoplasm (D:1)
3 creatures vanquished.

Notes
Turn   | Place    | Note
-------+----------+-------------------------------------------
     0 | D:1      | 2tc the Merfolk Transmuter began the quest for the Orb.
     0 | D:1      | Reached XP level 1. HP: 15/15 MP: 3/3
   345 | D:1      | Slain by a kobold

Illustrated notes

Levels and vault maps discovered:
D:1:      reono_arrival_mine, layout_basic, hellmonk_ecumenical_altar_dog_temple

Action                   || total
-------------------------++-------
Melee: Unarmed           ||    12
       Punch             ||     1
Armor: Robe              ||     4
Dodge: Dodged            ||     4

Table legend: (Time is in decaauts)
 A = Elapsed time spent in this place.
 B = Non-inter-level travel time spent in this place.
 C = Inter-level travel time spent in this place.
 D = Time resting spent in this place.
 E = Time spent auto-exploring this place.
 F = Levels seen in this place.
 G = Mean time per level.
                   A        B        C        D        E       F      G
               +--------+--------+--------+--------+--------+-----+--------+
         Total |    344 |    344 |      0 |      0 |    309 |   1 |  344.0 |
       Dungeon |    344 |    344 |      0 |      0 |    309 |   1 |  344.0 |
               +--------+--------+--------+--------+--------+-----+--------+

Top non-repeatable levels by time:
     D:1: 344 daAuts
